 Dungeon Crawl Stone Soup version 0.21.1-1-g345015f (webtiles) character file.

242 Fang the Chopper (level 6, -5/39 HPs)
             Began as a Gargoyle Berserker on May 30, 2018.
             Was a Priest of Trog.
             Slain by Blork the orc
             ... wielding a +0 dire flail
              (13 damage)
             ... on level 4 of the Dungeon.
             The game lasted 00:03:12 (3250 turns).

Fang the Chopper (Gargoyle Berserker)               Turns: 3250, Time: 00:03:12

Health: -5/39      AC:  6    Str: 23    XL:     6   Next: 9%
Magic:  6/6        EV: 12    Int:  7    God:    Trog [***...]
Gold:   250        SH:  0    Dex:  9    Spells: 5/5 levels left

rFire    . . .     SeeInvis .   a - +0 hand axe
rCold    . . .     Gourm    .   (no shield)
rNeg     + . .     Faith    .   b - +0 animal skin
rPois    ∞         Spirit   .   (no helmet)
rElec    +         Reflect  .   (no cloak)
rCorr    .         Harm     .   (no gloves)
MR       .....                  (no boots)
Stlth    +.........             o - amulet of inaccuracy (curse)
HPRegen  0.13/turn              (no ring)
MPRegen  0.10/turn              (no ring)

@: berserk cooldown, slowed, very slow
A: negative energy resistance 1, electricity resistance, unbreathing,
petrification resistance, rot immunity, AC +4
a: Berserk, Trog's Hand, Burn Spellbooks, Renounce Religion


You were on level 4 of the Dungeon.
You worshipped Trog.
Trog was most pleased with you.
You were very hungry.

You visited 1 branch of the dungeon, and saw 5 of its levels.

You collected 250 gold pieces.

Inventory:

Hand Weapons
 a - a +0 hand axe (weapon)
Armour
 b - a +0 animal skin (worn)
Jewellery
 o - a cursed amulet of inaccuracy (around neck)
Wands
 d - a wand of enslavement (8)
Scrolls
 h - 2 scrolls of enchant weapon {unknown}
 i - a scroll of remove curse {unknown}
 j - a scroll of teleportation
 n - a scroll of blinking {unknown}
Potions
 e - 2 potions of flight
 f - 2 potions of curing
 g - 3 potions of heal wounds
 k - a potion of agility
 l - a potion of resistance {unknown}
 m - a potion of brilliance {unknown}
Comestibles
 c - 8 rations


   Skills:
 + Level 4.4 Fighting
 + Level 4.7 Axes
 + Level 2.4 Armour
 + Level 2.5 Dodging
 + Level 0.6 Stealth


You had 5 spell levels left.
You didn't know any spells.

Dungeon Overview and Level Annotations

Branches:
Dungeon (5/15)
 Temple: D:4-7

Altars:
Ashenzari
Kikubaaqudgha
Okawaru
Uskayaw
Yredelemnul
The Shining One

Shops:
D:4 *

Annotations:
D:4 Blork the orc


Innate Abilities, Weirdness & Mutations

You are resistant to torment.
Your stone body is resilient. (AC +4)
You are immune to poison.
You resist negative energy. (rN+)
You are resistant to electric shocks. (rElec)
You can survive without breathing.
You are immune to petrification.
You are immune to rotting.


Message History

You closely miss Blork the orc.
Blork the orc is lightly wounded.
Blork the orc hits you with a dire flail.
You closely miss Blork the orc.
Blork the orc is lightly wounded.
You are no longer berserk.
You are exhausted.
You feel yourself slow down. Blork the orc closely misses you.
You miss Blork the orc.
Blork the orc is lightly wounded.
Blork the orc completely misses you.
You slash Blork the orc!
Blork the orc is moderately wounded.
Blork the orc noisily shouts encouragement to no one in particular.
Blork the orc casts a spell at you. The puff of frost hits you!
* * * LOW HITPOINT WARNING * * *
Blork the orc screams, "I'll cover the dungeon with your blood!"
Blork the orc hits you with a dire flail!
You die...

######### #.......#
########.#####.#
###............#.#
##..........###.#.#
####....##########.#.#
#.....................
#.##>@..#####.####.#..
##.###o#.### #.###.....
#..........###......<..
#..###.#.#.##...#...#..
#..# #.#............#..
#..# #.#.#.##...#...#..
#..# #.#.#.###.####.#..
#..# #.#....##.####.#..
#..# #........<.....#..


You could see Blork the orc.

Vanquished Creatures
  An orc priest (D:3)
  A centaur skeleton (D:4)
  An iguana (D:4)
  A worker ant zombie (D:3)
  3 gnolls
  3 adders
  A worm (D:3)
  A dart slug (D:1)
  A leopard gecko (D:3)
  6 orcs
  A ball python (D:3)
  3 giant cockroaches (D:3)
  11 goblins
  9 hobgoblins
  13 jackals
  A quokka (D:3)
  4 bats
  6 frilled lizards
  7 kobolds
  6 rats
80 creatures vanquished.

Notes
Turn   | Place    | Note
-------+----------+-------------------------------------------
     0 | D:1      | Fang the Gargoyle Berserker began the quest for the Orb.
     0 | D:1      | Reached XP level 1. HP: 14/14 MP: 1/1
   184 | D:1      | Reached XP level 2. HP: 18/19 MP: 2/2
   871 | D:2      | Reached XP level 3. HP: 23/24 MP: 3/3
  1115 | D:2      | Reached ** piety under Trog
  1303 | D:2      | Reached XP level 4. HP: 16/29 MP: 4/4
  1925 | D:3      | Found an iron altar of Okawaru.
  1937 | D:3      | Reached XP level 5. HP: 31/33 MP: 5/5
  2111 | D:3      | Reached *** piety under Trog
  2243 | D:3      | Found an ancient bone altar of Kikubaaqudgha.
  2244 | D:3      | Found a shattered altar of Ashenzari.
  2244 | D:3      | Found a hide-covered altar of Uskayaw.
  2459 | D:4      | Reached XP level 6. HP: 29/39 MP: 6/6
  2811 | D:4      | Found a basalt altar of Yredelemnul.
  2820 | D:4      | Found a glowing golden altar of the Shining One.
  2822 | D:4      | Noticed an angel
  2942 | D:4      | Found Cag Zul's General Store.
  3232 | D:5      | Entered Level 5 of the Dungeon
  3232 | D:5      | Noticed Blork the orc
  3250 | D:4      | Slain by Blork the orc

Skill      XL: |  1  2  3  4 |
---------------+-------------+-----
Axes           | 3 4 |  4.7
Dodging        | 2 |  2.5
Fighting       | 4 |  4.4
Armour         | |  2.4
Stealth        | |  0.6

Action                   |  1- 3 |  4- 6 || total
-------------------------+-------+-------++-------
Melee: Hand axe          |    99 |   156 ||   255
Invok: Berserk           |     1 |     2 ||     3
  Use: Scroll            |       |     7 ||     7
  Eat: Chunk             |     1 |     5 ||     6
       Ration            |       |     1 ||     1
Armor: Animal skin       |    36 |    68 ||   104
Dodge: Dodged            |    71 |   137 ||   208
